 Dungeon Crawl Stone Soup version 0.30-a0-365-ge7f957f1db (webtiles) character file.

Game seed: 7095379347425969405

401 qeuew the Chopper (level 6, -4/51 HPs)
             Began as a Gnoll Reaver on Nov 17, 2022.
             Slain by an iguana (7 damage)
             ... on level 4 of the Dungeon.
             The game lasted 00:04:55 (2706 turns).

qeuew the Chopper (Gnoll Reaver)                    Turns: 2706, Time: 00:04:55

Health: -4/51      AC:  6    Str: 13    XL:     6   Next: 85%
Magic:  11/14      EV: 11    Int: 13    God:
Gold:   203        SH:  0    Dex: 10    Spells: 14/16 levels left

rFire   . . .      SeeInvis .    a - +1 hand axe
rCold   . . .      Faith    .    (no shield)
rNeg    . . .      Spirit   .    k - +0 ring mail
rPois   .          Reflect  .    (no helmet)
rElec   .          Harm     .    (no cloak)
rCorr   .          Rampage  .    d - +0 pair of gloves
Will    .....                    (no boots)
Stlth   +.........               (no amulet)
HPRegen 0.28/turn                (no ring)
MPRegen 0.14/turn                (no ring)

@: no status effects
A: fangs 1, strong nose, distributed training
a: no special abilities


You were on level 4 of the Dungeon.
You visited 1 branch of the dungeon, and saw 4 of its levels.

You collected 203 gold pieces.

Inventory:

Hand Weapons
 a - a +1 hand axe (weapon)
Armour
 d - a +0 pair of gloves (worn)
 k - a +0 ring mail (worn)
Wands
 b - a wand of digging (5)
Scrolls
 c - a scroll of enchant weapon
 e - 2 scrolls of silence
Potions
 g - a potion of magic
 i - a potion of haste


   Skills:
 + Level 5.1 Fighting
 + Level 2.2 Short Blades
 + Level 2.2 Long Blades
 + Level 6.9 Axes
 + Level 2.2 Maces & Flails
 + Level 2.2 Polearms
 + Level 2.2 Staves
 + Level 2.2 Ranged Weapons
 + Level 2.2 Throwing
 + Level 2.2 Armour
 + Level 5.1 Dodging
 + Level 2.2 Stealth
 + Level 2.2 Shields
 + Level 2.2 Unarmed Combat
 + Level 5.5 Spellcasting
 + Level 5.7 Conjurations
 + Level 1.8 Hexes
 + Level 1.8 Summonings
 + Level 1.8 Necromancy
 + Level 1.8 Translocations
 + Level 1.8 Transmutations
 + Level 1.8 Fire Magic
 + Level 1.8 Ice Magic
 + Level 1.8 Air Magic
 + Level 1.8 Earth Magic
 + Level 1.8 Poison Magic
 + Level 2.4 Invocations
 + Level 2.2 Evocations


You had 14 spell levels left.
You knew the following spells:

 Your Spells              Type           Power      Damage    Failure   Level
a - Kiss of Death         Conj/Necr      52%        2d9       9%          1
b - Shock                 Conj/Air       52%        1d6       9%          1

Your spell library contained the following spells:

 Spells                   Type           Power      Damage    Failure   Level
 Momentum Strike          Conj/Tloc      26%        3d8       12%         2
 Beastly Appendage        Tmut           16%        N/A       19%         1
 Hailstorm                Conj/Ice       13%        3d5       24%         3
 Wereblood                Tmut           8%         N/A       26%         2
 Spider Form              Tmut/Pois      8%         N/A       47%         3
 Swiftness                Air            8%         N/A       47%         3
 Vhi's Electric Charge    Tloc/Air       16%        N/A       47%         3
 Airstrike                Air            4%         2d(1-17)  87%         4
 Arcjolt                  Conj/Air       6%         1d16      92%         5
 Maxwell's Capacitive Co  Air            4%         ∞         100%        8


Dungeon Overview and Level Annotations

Branches:
Dungeon (4/15)
 Temple: D:4-7

Altars:

Annotations:
D:2 1 runed translucent door, Crazy Yiuf


Innate Abilities, Weirdness & Mutations

You have very sharp teeth.
Your uncanny sense of smell can sniff out nearby items.
Your experience applies equally to all skills.


Message History

The scorpion is heavily wounded.
You hit the hound.
You kill the hound!
You hit the iguana. The scorpion stings you.
* * * LOW HITPOINT WARNING * * *
Unknown command.
You hit the scorpion but do no damage.
The scorpion is heavily wounded.
You hit the iguana but do no damage. The iguana misses you.
The scorpion closely misses you.
Unknown command.
You hit the scorpion.
The scorpion is severely wounded.
You closely miss the iguana. The iguana barely misses you.
The scorpion stings you.
* * * LOW HITPOINT WARNING * * *
Unknown command.
You hit the scorpion but do no damage.
You bite the scorpion, but do no damage.
The scorpion is severely wounded.
You barely miss the iguana. The iguana closely misses you.
The scorpion barely misses you.
Unknown command.
You hit the scorpion but do no damage.
The scorpion is severely wounded.
You hit the iguana but do no damage. The scorpion misses you.
The iguana bites you but does no damage.
Unknown command.
You barely miss the scorpion.
The scorpion is severely wounded.
You barely miss the iguana.
The scorpion stings you but does no damage.
The iguana bites you.
* * * LOW HITPOINT WARNING * * *
Unknown command.
You barely miss the scorpion.
The scorpion is severely wounded.
You hit the iguana but do no damage. The scorpion barely misses you.
The iguana bites you!
You die...

....... .........
.....<.. ........
#.. ∆ ...†....
##... #..... .....
##†.# #..... #@s.#
#.##..###l.##
......#.....##
.............##
..............#
..#..............
.###......#...... .
..........#......
...................


You could see a scorpion and an iguana.

Vanquished Creatures
  Sigmund (D:2)
  Blork the orc (D:4)
  A hound (D:4)
  2 iguanas (D:4)
  3 adders
  2 worms
  A dart slug (D:4)
  4 orcs
  4 ball pythons
  4 bats
  2 endoplasms
  2 giant cockroaches
  10 goblins
  6 hobgoblins
  7 jackals
  5 kobolds
  A quokka (D:1)
  A ball python skeleton (D:2)
  2 frilled lizards
  A giant cockroach zombie (D:2)
  4 rats
64 creatures vanquished.

Vanquished Creatures (others)
  3 withered plants (D:2)
3 creatures vanquished.

Grand Total: 67 creatures vanquished

Notes
Turn   | Place    | Note
-------+----------+-------------------------------------------
     0 | D:1      | qeuew the Gnoll Reaver began the quest for the Orb.
     0 | D:1      | Reached XP level 1. HP: 20/20 MP: 6/6
   253 | D:1      | Reached XP level 2. HP: 24/26 MP: 7/7
   769 | D:2      | Noticed Sigmund
   783 | D:2      | Killed Sigmund
   784 | D:2      | Reached skill level 1 in Short Blades
   784 | D:2      | Reached skill level 1 in Long Blades
   784 | D:2      | Reached skill level 1 in Maces & Flails
   784 | D:2      | Reached skill level 1 in Polearms
   784 | D:2      | Reached skill level 1 in Staves
   784 | D:2      | Reached skill level 1 in Ranged Weapons
   784 | D:2      | Reached skill level 1 in Throwing
   784 | D:2      | Reached skill level 1 in Armour
   784 | D:2      | Reached skill level 1 in Stealth
   784 | D:2      | Reached skill level 1 in Shields
   784 | D:2      | Reached skill level 1 in Unarmed Combat
   784 | D:2      | Reached skill level 5 in Spellcasting
   784 | D:2      | Reached skill level 1 in Hexes
   784 | D:2      | Reached skill level 1 in Summonings
   784 | D:2      | Reached skill level 1 in Necromancy
   784 | D:2      | Reached skill level 1 in Translocations
   784 | D:2      | Reached skill level 1 in Transmutations
   784 | D:2      | Reached skill level 1 in Fire Magic
   784 | D:2      | Reached skill level 1 in Ice Magic
   784 | D:2      | Reached skill level 1 in Air Magic
   784 | D:2      | Reached skill level 1 in Earth Magic
   784 | D:2      | Reached skill level 1 in Poison Magic
   784 | D:2      | Reached skill level 1 in Invocations
   784 | D:2      | Reached skill level 1 in Evocations
   784 | D:2      | Reached XP level 3. HP: 7/32 MP: 4/9
   784 | D:2      | Reached XP level 4. HP: 8/38 MP: 4/11
   784 | D:2      | Reached XP level 5. HP: 10/43 MP: 4/12
  1031 | D:2      | Found a runed translucent door.
  1032 | D:2      | Noticed Crazy Yiuf
  1676 | D:2      | Learned a level 1 spell: Shock
  2060 | D:3      | Reached XP level 6. HP: 50/50 MP: 10/13
  2470 | D:4      | Reached skill level 5 in Fighting
  2470 | D:4      | Reached skill level 5 in Dodging
  2671 | D:4      | Noticed Blork the orc
  2685 | D:4      | Killed Blork the orc
  2706 | D:4      | Slain by an iguana

Illustrated notes

Levels and vault maps discovered:
D:1:      scummos_arrival_simple_crosswalls, layout_basic,
          chequers_serial_rivers_large_b
D:2:      layout_basic, serial_undead, serial_undead_a, serial_undead_f,
          serial_undead_c, serial_undead_c, uniq_sigmund,
          uniq_crazy_yiuf_cottage
D:3:      layout_loops_cross, kennysheep_generic_room_3
D:4:      layout_cave_pools, nicolae_qazlal_eye_of_the_storm, uniq_blork_the_orc

Skill      XL: |  1  2  3  4  5  6 |
---------------+-------------------+-----
Short Blades   | 1 2 |  2.2
Long Blades    | 1 2 |  2.2
Maces & Flails | 1 2 |  2.2
Polearms       | 1 2 |  2.2
Staves         | 1 2 |  2.2
Ranged Weapons | 1 2 |  2.2
Throwing       | 1 2 |  2.2
Armour         | 1 2 |  2.2
Stealth        | 1 2 |  2.2
Shields        | 1 2 |  2.2
Unarmed Combat | 1 2 |  2.2
Spellcasting   | 5 |  5.5
Hexes          | 1 |  1.8
Summonings     | 1 |  1.8
Necromancy     | 1 |  1.8
Translocations | 1 |  1.8
Transmutations | 1 |  1.8
Fire Magic     | 1 |  1.8
Ice Magic      | 1 |  1.8
Air Magic      | 1 |  1.8
Earth Magic    | 1 |  1.8
Poison Magic   | 1 |  1.8
Invocations    | 1 2 |  2.4
Evocations     | 1 2 |  2.2
Fighting       | 5 |  5.1
Dodging        | 5 |  5.1
Axes           | |  6.9
Conjurations   | |  5.7

Action                   |  1- 3 |  4- 6 || total
-------------------------+-------+-------++-------
Melee: Hand axe          |    70 |   132 ||   202
       Bite              |     6 |    12 ||    18
       Punch             |     1 |     1 ||     2
 Cast: Kiss of Death     |     3 |       ||     3
       Shock             |       |    43 ||    43
  Use: Scroll            |     3 |     7 ||    10
       Potion            |     1 |     5 ||     6
Armor: Leather armour    |    17 |    26 ||    43
       Ring mail         |       |    38 ||    38
Dodge: Dodged            |    38 |    93 ||   131

Table legend: (Time is in decaauts)
 A = Elapsed time spent in this place.
 B = Non-inter-level travel time spent in this place.
 C = Inter-level travel time spent in this place.
 D = Time resting spent in this place.
 E = Time spent auto-exploring this place.
 F = Levels seen in this place.
 G = Mean time per level.
                   A        B        C        D        E       F      G
               +--------+--------+--------+--------+--------+-----+--------+
         Total |   2723 |   2665 |     58 |      0 |   2185 |   4 |  680.8 |
       Dungeon |   2723 |   2665 |     58 |      0 |   2185 |   4 |  680.8 |
               +--------+--------+--------+--------+--------+-----+--------+

Top non-repeatable levels by time:
     D:2: 1007 daAuts
     D:3: 751 daAuts
     D:1: 722 daAuts
     D:4: 242 daAuts
